 Dungeon Crawl Stone Soup version 0.21.1-1-g345015fe64 (webtiles) character file.

50 RaHiT the Sneak (level 3, -1/27 HPs)
             Began as a Vampire Assassin on Mar 25, 2018.
             Slain by a frilled lizard (2 damage)
             ... on level 2 of the Dungeon.
             The game lasted 00:06:35 (1340 turns).

RaHiT the Sneak (Vampire Assassin)                  Turns: 1340, Time: 00:06:35

Health: -1/27      AC:  3    Str: 10    XL:     3   Next: 55%
Magic:  2/3        EV: 13    Int: 13    God:
Gold:   61         SH:  0    Dex: 16    Spells: 2/2 levels left

rFire    . . .     SeeInvis +   b - +0 blowgun
rCold    . . .     Gourm    .   (no shield)
rNeg     + . .     Faith    .   c - +0 robe
rPois    .         Spirit   .   (no helmet)
rElec    .         Reflect  .   d - +0 cloak
rCorr    .         Harm     .   (no gloves)
MR       .....                  (no boots)
Stlth    +++.......             (no amulet)
HPRegen  0.09/turn              (no ring)
MPRegen  0.08/turn              (no ring)

@: no status effects
A: fangs 3, see invisible, unbreathing
a: Bat Form


You were on level 2 of the Dungeon.
You were not thirsty.

You visited 1 branch of the dungeon, and saw 3 of its levels.

You collected 61 gold pieces.

Inventory:

Hand Weapons
 a - a +2 dagger
 b - a +0 blowgun (weapon)
Missiles
 e - 18 poisoned needles (quivered)
 f - 2 curare-tipped needles
 q - a throwing net
Armour
 c - a +0 robe (worn)
 d - a +0 cloak (worn)
Scrolls
 h - a scroll of amnesia
 j - 3 scrolls of remove curse
 l - a scroll of identify
 o - a scroll of teleportation
 p - a scroll of immolation
Potions
 g - 5 potions of blood
 i - a potion of degeneration {unknown}
 k - a potion of lignification {unknown}
 m - a potion of brilliance {unknown}
 n - a potion of flight {unknown}


   Skills:
 - Level 2.0 Fighting
 + Level 2.8 Short Blades
 + Level 2.1 Throwing
 + Level 2.0 Dodging
 + Level 6.4 Stealth


You had 2 spell levels left.
You didn't know any spells.

Dungeon Overview and Level Annotations

Branches:
Dungeon (3/15)

Altars:


Innate Abilities, Weirdness & Mutations

You have razor-sharp teeth.
You have supernaturally acute eyesight. (SInv)
You can survive without breathing.


Message History

Your +2 dagger unmelds from your body.
Your +0 cloak unmelds from your body.
Your +0 robe unmelds from your body.
b - a +0 blowgun (weapon)
Firing (i - inventory. (,) - cycle):
e - 20 poisoned needles (quivered)
Press: ? - help, Shift-Dir - straight line, f - orc
Aim: an orc, wearing a leather armour You shoot a poisoned needle.
The poisoned needle hits the orc.
The orc is poisoned.
Firing (i - inventory. (,) - cycle):
e - 19 poisoned needles (quivered)
Press: ? - help, Shift-Dir - straight line, f - orc, p - orc
Aim: an orc, wielding a trident You shoot a poisoned needle.
The poisoned needle hits the orc.
The orc is poisoned.
The orc hits you.
* * * LOW HITPOINT WARNING * * *
The orc looks more healthy. x2
The orc hits you from afar with a trident.
* * * LOW HITPOINT WARNING * * *
The frilled lizard bites you.
You die...

.##......o......(.........).#
........####............#####
######...# #.(...........#
######...###..##.........#
....###.......##.........#
###.###....##.##.........#
###......#...>##oo.......#
................lo......##
...#.....####.##@........#
......#### #.##.........#
####....#####.##.........#
######................)..#
....<....................#
#########.###.##........## #
#.#............##
#.#..........###
#............#


You could see 3 orcs and a frilled lizard.

Vanquished Creatures
  3 adders (D:2)
  A worm (D:2)
  A dart slug (D:2)
  An orc (D:2)
  3 bats
  A giant cockroach (D:2)
  2 goblins
  2 frilled lizards
  A kobold (D:1)
  7 rats
22 creatures vanquished.

Notes
Turn   | Place    | Note
-------+----------+-------------------------------------------
     0 | D:1      | RaHiT the Vampire Assassin began the quest for the Orb.
     0 | D:1      | Reached XP level 1. HP: 16/16 MP: 1/1
   838 | D:2      | Reached skill level 6 in Stealth
   854 | D:2      | Reached XP level 2. HP: 22/22 MP: 2/2
   922 | D:2      | Reached XP level 3. HP: 22/27 MP: 3/3
  1337 | D:2      | HP: 1/27 [orc/trident (6)]
  1340 | D:2      | Slain by a frilled lizard

Skill      XL: |  1  2  3 |
---------------+----------+-----
Stealth        | 6 |  6.4
Fighting       | 2 |  2.0
Throwing       | 2 |  2.1
Dodging        | 2 |  2.0
Short Blades   | |  2.8

Action                   || total
-------------------------++-------
Melee: Dagger            ||    50
       Bite              ||     1
 Fire: Blowgun           ||     8
 Abil: End Transformatio ||     1
       Bat Form          ||     1
  Use: Scroll            ||     4
       Potion            ||     1
 Stab: Sleeping          ||     8
Armor: Robe              ||    14
Dodge: Dodged            ||    41
